 Dungeon Crawl Stone Soup version 0.30-a0-1042-gacf32f4bd3 (webtiles) character file.

Game seed: 5038392078346251558

14 Grim the Shield-Bearer (level 2, -1/24 HPs)
             Began as a Formicid Fighter on Apr 9, 2023.
             Frozen to death by an endoplasm (5 damage)
             ... on level 1 of the Dungeon.
             The game lasted 00:01:00 (75 turns).

Grim the Shield-Bearer (Formicid Fighter)             Turns: 75, Time: 00:01:00

Health: -1/24      AC:  6    Str: 20    XL:     2   Next: 55%
Magic:  2/2        EV:  9    Int:  7    God:
Gold:   0          SH:  5    Dex: 13    Spells: 1/1 levels left

rFire   . . .      SeeInvis +    a - +0 trident
rCold   . . .      Faith    .    c - +0 buckler
rNeg    . . .      Spirit   .    b - +0 scale mail
rPois   .          Reflect  .    (helmet unavailable)
rElec   .          Rampage  .    (no cloak)
rCorr   .                        (no gloves)
Will    .....                    (no boots) Stlth
                                 (no amulet)
HPRegen 0.24/turn                (no ring)
MPRegen 0.08/turn                (no ring)

@: very slow
A: permanent stasis, dig shafts and tunnels, antennae 3, four strong arms
a: Dig, Shaft Self


You were on level 1 of the Dungeon.
You visited 1 branch of the dungeon, and saw 1 of its levels.

Inventory:

Hand Weapons
 a - a +0 trident (weapon)
Armour
 b - a +0 scale mail (worn)
 c - a +0 buckler (worn)
Potions
 d - a potion of might


   Skills:
 - Level 3.2 Fighting
 * Level 2.7 Polearms
 - Level 3.2 Armour
 + Level 4.3 Shields


You had one spell level left.
You didn't know any spells.
Your spell library was empty.

Dungeon Overview and Level Annotations

Branches:
Dungeon (1/15)

Altars:


Innate Abilities, Weirdness & Mutations

You cannot be hasted, slowed, berserked, paralysed or teleported.
You can dig through walls and to a lower floor.
You have a pair of large antennae on your head. (SInv)
Your four strong arms can wield two-handed weapons with a shield.


Message History

You hit the goblin.
You kill the goblin!
You hear a splash.
A dart slug comes into view.
The frilled lizard misses you.
You hit the frilled lizard.
You kill the frilled lizard!
You barely miss the hobgoblin. The dart slug launches a dart at you.
The slug dart hits you but does no damage.
You barely miss the hobgoblin.
The hobgoblin splashes around in the water.
The hobgoblin hits you.
* * * LOW HITPOINT WARNING * * *
You hit the hobgoblin but do no damage.
The hobgoblin hits you but does no damage.
You hit the hobgoblin but do no damage. You block the hobgoblin's attack.
You hit the hobgoblin but do no damage. The hobgoblin barely misses you.
You closely miss the hobgoblin. The hobgoblin hits you.
* * * LOW HITPOINT WARNING * * *
Your unstable footing causes you to fumble your attack.
The hobgoblin hits you but does no damage.
You hit the hobgoblin.
The hobgoblin is heavily wounded.
The hobgoblin barely misses you. The hobgoblin hits you.
* * * LOW HITPOINT WARNING * * *
Your unstable footing causes you to fumble your attack.
The hobgoblin hits you but does no damage.
Okay, then.
The hobgoblin attacks as you move away! The hobgoblin closely misses you.
The goblin throws a stone.
The stone misses you.
A giant cockroach comes into view.
You block the endoplasm's attack. The hobgoblin attacks as you move away!
The hobgoblin splashes around in the water.
The endoplasm splashes around in the water.
Your unstable footing causes you to fumble your attack.
The endoplasm freezes you.
You are frozen.
You die...

.. .. ####.##.....
. ............ ..
###.#..#........
...#......#........
..............>....
......B~~~≈§≈≈~~~.#
#.@8~~≈≈~~8~..
#.Jg8~~~~8~~..
#.≈r~####~~§§.
#[≈§~#<.#~§≈..
#.≈≈g#..#~≈≈.#
#.≈wr#''#§§§.#
#.~†8~~~~8~~.#
#.~8~~≈≈~~8§.[
#...~))≈≈≈≈~~~#.


You could see a dart slug, an endoplasm, a giant cockroach, a hobgoblin, a
goblin and 2 rats.

Vanquished Creatures
  A dart slug (D:1)
  A bat (D:1)
  2 endoplasms (D:1)
  A giant cockroach (D:1)
  A goblin (D:1)
  A quokka (D:1)
  A ball python (D:1)
  A frilled lizard (D:1)
  2 kobolds (D:1)
11 creatures vanquished.

Notes
Turn   | Place    | Note
-------+----------+-------------------------------------------
     0 | D:1      | Grim the Formicid Fighter began the quest for the Orb.
     0 | D:1      | Reached XP level 1. HP: 18/18 MP: 1/1
    36 | D:1      | Reached XP level 2. HP: 13/24 MP: 2/2
    75 | D:1      | Frozen to death by an endoplasm

Illustrated notes

Levels and vault maps discovered:
D:1:      lightli_arrival_boilingwater, layout_basic, minmay_tetromino_t4

Action                     || total
---------------------------++-------
  Melee: Trident           ||    64
 Armour: Scale mail        ||    49
  Dodge: Dodged            ||    46
  Block: Buckler           ||    29

Table legend: (Time is in decaauts)
 A = Elapsed time spent in this place.
 B = Non-inter-level travel time spent in this place.
 C = Inter-level travel time spent in this place.
 D = Time resting spent in this place.
 E = Time spent auto-exploring this place.
 F = Levels seen in this place.
 G = Mean time per level.
                   A        B        C        D        E       F      G
               +--------+--------+--------+--------+--------+-----+--------+
         Total |     93 |     93 |      0 |      0 |      1 |   1 |   93.0 |
       Dungeon |     93 |     93 |      0 |      0 |      1 |   1 |   93.0 |
               +--------+--------+--------+--------+--------+-----+--------+

Top non-repeatable levels by time:
     D:1: 93 daAuts
